 Dungeon Crawl Stone Soup version 0.19.1 (webtiles) character file.

23 Gargoyl the Skirmisher (level 2, -4/27 HPs)
             Began as a Draconian Abyssal Knight on Dec 6, 2016.
             Was a Follower of Lugonu.
             Slain by a gnoll
             ... wielding a +0 flail
              (6 damage)
             ... on level 2 of the Dungeon.
             The game lasted 00:02:14 (1022 turns).

Gargoyl the Skirmisher (Draconian Abyssal Knight)   Turns: 1022, Time: 00:02:16

Health: -4/27      AC:  5    Str: 14    XL:     2   Next: 72%
Magic:  3/3        EV:  7    Int: 12    God:    Lugonu [*.....]
Gold:   128        SH:  0    Dex: 10    Spells: 0 memorised, 1 level left

rFire  . . .     SeeInvis .     a - +1 hand axe
rCold  . . .     Gourm    .     (armour unavailable)
rNeg   . . .     Faith    .     h - +0 large shield
rPois  .         Spirit   .     (helmet restricted)
rElec  .         Reflect  .     (no cloak)
rCorr  .         Harm     .     f - +0 pair of gloves
MR     .....                    (no boots)
Stlth  +.........               (no amulet)
                                (no ring)
                                (no ring)

@: confused
A: unfitting armour, cold-blooded, AC +4
a: Depart the Abyss, Renounce Religion


You were on level 2 of the Dungeon.
You worshipped Lugonu.
Lugonu was aware of your devotion.
You were not hungry.

You visited 1 branch of the dungeon, and saw 2 of its levels.
You visited the Abyss 1 time.

You collected 128 gold pieces.

Inventory:

Hand Weapons
 a - a +1 hand axe (weapon)
Missiles
 d - 3 steel javelins (quivered)
Armour
 f - a +0 pair of gloves (worn)
 h - a +0 large shield (worn)
Jewellery
 g - a +2 amulet of reflection {unknown}
 i - an uncursed ring of poison resistance {unknown}
Scrolls
 j - a scroll of fog {unknown}
 k - a scroll of noise {unknown}
Miscellaneous
 e - a fan of gales
Comestibles
 b - a bread ration
 l - a slice of pizza
 m - a meat ration


   Skills:
 * Level 4.0 Fighting
 + Level 2.0 Axes
 * Level 2.5 Dodging
 + Level 0.2 Shields
 + Level 2.0 Invocations


You had one spell level left.
You didn't know any spells.

Dungeon Overview and Level Annotations

Branches:
Dungeon (2/15)

Altars:


Innate Abilities, Weirdness & Mutations

Your plain brown scales are hard. (AC +4)
You cannot fit into any form of body armour.
You are cold-blooded and may be slowed by cold attacks.


Message History

2 gnolls come into view.
The gnoll shouts! x2
You block the gnoll's attack.
You closely miss the gnoll.
The gnoll shouts!
The gnoll hits you but does no damage. The gnoll barely misses you.
The gnoll hits you with a flail. x2
You slash the gnoll!
The gnoll is severely wounded.
You hit the gnoll. x2; You block the gnoll's attack. x3
The gnoll hits you but does no damage.
Unknown command.
It was a potion of ambrosia.
You are confused.
You feel invigorated.
The gnoll hits you from afar with a spear.
The gnoll hits you with a halberd. The gnoll hits you with a flail!
* * * LOW HITPOINT WARNING * * *
The gnoll hits you with a flail.
You die...

#+ . ##############..
... #...............
.....###...#...........
.....gg@g..#...........
......g....#...........
.............[.........
######...........###...
#.........†## #####
...........####...#
.....######........#
...... #.........
#.........


You could see 4 gnolls.

Vanquished Creatures
  2 leopard geckos
  A giant cockroach (D:1)
  3 goblins
  2 hobgoblins (D:1)
  3 bats
  A frilled lizard (D:1)
  5 kobolds
  4 rats
21 creatures vanquished.

Notes
Turn   | Place    | Note
-------+----------+-------------------------------------------
     0 | Abyss:1  | Gargoyl the Draconian Abyssal Knight began the quest for the Orb.
     0 | Abyss:1  | Reached XP level 1. HP: 19/19 MP: 2/2
    53 | Abyss:2  | Found a corrupted altar of Lugonu.
    57 | Abyss:2  | Found a corrupted altar of Lugonu.
    99 | Abyss:2  | Noticed an apocalypse crab
   100 | Abyss:2  | Noticed an ancient zyme
   108 | Abyss:2  | Noticed a purple draconian
   108 | Abyss:2  | Noticed a smoke demon
   109 | D:1      | Escaped the Abyss
   127 | D:1      | Reached * piety under Lugonu
   239 | D:1      | Reached XP level 2. HP: 23/27 MP: 3/3
  1008 | D:2      | Reached skill level 4 in Fighting
  1022 | D:2      | Slain by a gnoll

Skill      XL: |  1  2 |
---------------+-------+-----
Fighting       | 4 |  4.0
Axes           | |  2.0
Dodging        | |  2.5
Shields        | |  0.2
Invocations    | |  2.0

Action                   || total
-------------------------++-------
Melee: Hand axe          ||    63
       Tailslap          ||     7
Invok: Depart the Abyss  ||     1
  Use: Scroll            ||     3
       Potion            ||     1
Armor: Skin              ||    27
Dodge: Dodged            ||    37
Block: Large shield      ||    27
